Map: Cyber Forest LE

Players

Justicary - Winner!

  • Race: Zerg Zerg
  • League: Diamond
  • Spawn Location: 11:00

pHARM

  • Race: Zerg Zerg
  • League: Platinum
  • Spawn Location: 5:00

VOD

Have the link to the VOD?

Description

Time

  • Played on: June 29, 2019, 7:01 p.m.
  • Length: 12:17
Show
View Real Time Build Order
Export as new Build Order

Justicary Zerg - Winner!

Build Orders: 1 Base Baneling Bust, Pool First 

Get SALT Encoding   

  12  0:01  Drone  
  13  0:08  Drone  
  14  0:16  Overlord  
  14  0:35  Spawning Pool  
  13  0:36  Extractor  
  13  0:39  Drone  
  13  0:43  Drone  
  13  0:48  Drone  
  15  0:52  Drone  
  16  1:03  Drone  
  17  1:22  Baneling Nest  
  17  1:23  Zergling x4  
  18  1:29  Queen  
  20  1:33  Drone  
  21  1:56  Hatchery  
  21  2:00  Drone  
  21  2:07  Baneling  
  21  2:08  Baneling x3  
  21  2:17  Overlord  
  19  2:52  Zergling x4  
  19  2:55  Drone  
  22  2:58  Extractor  
  21  3:06  Queen  
  21  3:08  Queen  
  21  3:10  Drone  
  21  3:11  Drone  
  27  3:12  Baneling  
  27  3:14  Baneling  
  27  3:17  Drone  
  26  3:40  Drone x2  
  28  3:42  Zergling x2  
  27  3:56  Zergling x6  
  29  4:06  Baneling  
  29  4:07  Baneling  
  29  4:11  Roach Warren  
  29  4:14  Evolution Chamber  
  29  4:16  Drone x3  
  30  4:17  Overlord  
  30  4:27  Drone x4  
  34  4:37  Overlord  
  34  4:39  Drone x2  
  34  4:45  Zerg Missile Weapons Level 1  
  36  4:57  Roach x3  
  42  5:05  Baneling x2  
  42  5:11  Roach x2  
  42  5:13  Drone x2  
  48  5:21  Lair  
  48  5:23  Roach  
  46  5:42  Roach x2  
  50  5:47  Drone  
  50  5:49  Overlord  
  51  5:56  Evolution Chamber  
  50  5:57  Drone  
  51  6:05  Overlord  
  51  6:07  Overlord  
  51  6:12  Roach x3  
  51  6:13  Roach  
  55  6:37  Roach x2  
  55  6:38  Roach x6  
  71  6:44  Zerg Missile Weapons Level 2  
  71  7:06  Ravager x3  
  74  7:11  Overseer  
  74  7:34  Drone x2  
  74  7:35  Glial Reconstitution  
  74  7:36  Overlord  
  76  7:38  Overlord  
  76  7:41  Overlord  
  76  7:44  Extractor  
  76  7:45  Extractor  
  76  7:50  Hatchery  
  73  7:55  Drone x2  
  73  7:58  Hydralisk Den  
  74  8:01  Zerg Melee Weapons Level 1  
  74  8:03  Zergling x4  
  74  8:04  Zergling x4  
  78  8:07  Zergling x2  
  79  8:24  Baneling x2  
  79  8:47  Overlord  
  79  8:50  Overlord, Ravager x2  
  79  8:52  Zergling x10  
  79  8:54  Metabolic Boost  
  70  9:12  Zergling x10  
  63  9:36  Overlord x2  
  63  9:42  Lurker Den  
  63  9:43  Roach x4  
  63  9:44  Roach  
  65  9:56  Roach x4  
  65  9:57  Roach  
  67  10:18  Hydralisk x3  
  67  10:19  Hydralisk x2  
  72  10:34  Hydralisk x2  
  72  10:35  Hydralisk x2  
  71  10:36  Hydralisk x2  
  77  10:45  Drone x2  
  77  10:47  Overseer  
  79  11:06  Overlord  
  79  11:10  Lurker x3  
  82  11:18  Drone x2  
  82  11:19  Drone x4  
  87  11:38  Hydralisk x2  
  87  11:39  Hydralisk x2  
Show
View Real Time Build Order
Export as new Build Order

pHARM Zerg 

Build Orders: Hatch First 

Get SALT Encoding   

  12  0:01  Drone  
  13  0:08  Drone  
  14  0:16  Overlord  
  14  0:35  Drone x2  
  16  0:50  Hatchery  
  16  0:56  Drone x2  
  17  1:01  Drone  
  18  1:10  Extractor  
  17  1:18  Spawning Pool  
  16  1:23  Drone x2  
  18  1:29  Drone  
  19  1:41  Drone  
  20  1:54  Overlord  
  20  2:05  Queen x2  
  20  2:06  Zergling x4  
  26  2:13  Spine Crawler  
  26  2:14  Zergling x2  
  26  2:16  Zergling x2  
  22  2:51  Zergling x2  
  22  2:52  Zergling x8  
  27  3:22  Baneling Nest  
  25  3:38  Drone  
  25  3:39  Drone x5  
  30  3:44  Metabolic Boost  
  26  4:08  Drone  
  26  4:09  Drone x4  
  30  4:31  Hatchery  
  29  4:33  Zergling x10  
  34  4:40  Queen  
  36  5:00  Overlord x2  
  36  5:08  Baneling x2  
  36  5:09  Baneling x8  
  36  5:12  Overlord x2  
  36  5:24  Zergling x12  
  37  5:36  Zergling x10  
  42  5:47  Zergling x10  
  47  6:02  Zergling x6  
  50  6:24  Zergling x2  
  50  6:25  Drone x9  
  42  6:40  Drone  
  42  6:41  Drone x9  
  42  6:46  Extractor  
  51  6:56  Extractor  
  51  6:57  Extractor  
  48  7:01  Roach Warren  
  47  7:39  Lair  
  47  7:45  Roach x9  
  47  7:47  Overlord x4  
  47  7:48  Overlord  
  65  8:06  Roach x5  
  65  8:07  Roach x4  
  83  8:21  Roach x4  
  91  8:27  Roach  
  91  8:28  Roach x2  
  97  8:41  Overlord x2  
  96  8:59  Overlord x2  
  96  9:06  Roach x6  
  84  9:10  Roach x4  
  84  9:16  Roach x2  
  84  9:19  Roach  
  72  9:35  Roach x5  
  80  9:50  Roach  
  80  9:51  Roach x4  
  80  9:58  Roach x3  
  74  10:03  Roach  
  74  10:04  Roach  
  76  10:13  Roach x2  
  66  10:28  Roach x5  
  65  10:29  Roach  
  72  11:04  Drone x13  
  85  11:18  Infestation Pit  
  74  11:47  Roach x9  
  74  11:48  Roach x5  
  98  11:56  Roach x4  
Tags
 
Add a new tag
Caveats
  • Supply blocks, unpowered buildings, or Contaminate may cause inaccurate times.
  • Supply counts are checked every 10 seconds.